 Dungeon Crawl Stone Soup version 0.30.1-11-g7821555f0a (webtiles) character file.

Game seed: 4117442461885688636

124 bnorton916 the Magician (level 4, -1/24 HPs)
             Began as a Deep Elf Fire Elementalist on Nov 26, 2023.
             Slain by an orc
             ... wielding a +0 long sword
              (7 damage)
             ... on level 3 of the Dungeon.
             The game lasted 00:04:25 (3424 turns).

bnorton916 the Magician (DEFE)                      Turns: 3424, Time: 00:04:26

Health: -1/24      AC:  3    Str:  5    XL:     4   Next: 81%
Magic:  1/12       EV: 12    Int: 28    God:
Gold:   62         SH:  0    Dex: 15    Spells: 6/12 levels left

rFire   . . .        (no weapon)
rCold   . . .        (no shield)
rNeg    . . .        a - +0 robe
rPois   .            (no helmet)
rElec   .            i - +0 cloak
rCorr   .            (no gloves)
SInv    .            (no boots)
Will    +....        (no amulet)
Stlth   ++           g - ring of willpower
HPRegen 0.24/turn    j - +6 ring of intelligence
MPRegen 0.13/turn

%: no passive effects
@: no status effects
A: no striking features
a: no special abilities


You were on level 3 of the Dungeon.
You visited 1 branch of the dungeon, and saw 4 of its levels.

You collected 62 gold pieces.

Inventory:

Hand Weapons
 d - a +1 vampiric hand axe
 o - a +0 lajatang
Missiles
 r - 5 curare-tipped darts
Armour
 a - a +0 robe (worn)
 f - a +0 buckler
 i - a +0 cloak (worn)
Jewellery
 g - a ring of willpower (left hand)
 j - a +6 ring of intelligence (right hand)
Scrolls
 h - a scroll of identify {unknown}
 k - 2 scrolls of teleportation {unknown}
 m - a scroll of fog {unknown}
 n - 2 scrolls of enchant armour {unknown}
Potions
 b - 2 potions of magic
 c - 4 potions of degeneration {unknown}
 e - a potion of curing {unknown}
 l - a potion of cancellation {unknown}
 p - a potion of haste {unknown}
 q - a potion of attraction {unknown}


   Skills:
 - Level 2.4 Dodging
 - Level 2.4 Stealth
 + Level 4.6 Spellcasting
 + Level 3.0 Conjurations
 + Level 4.4 Fire Magic


You had 6 spell levels left.
You knew the following spells:

 Your Spells              Type           Power      Damage    Failure   Level
a - Foxfire               Conj/Fire      100%       2x1d9     1%          1
b - Scorch                Fire           62%        2d8       1%          2
c - Volatile Blastmotes   Fire/Tloc      36%        2d13      9%          3

Your spell library contained the following spells:

 Spells                   Type           Power      Damage    Failure   Level
 Inner Flame              Hex/Fire       18%        N/A       9%          3
 Flame Wave               Conj/Fire      27%        2d9       16%         4


Dungeon Overview and Level Annotations

Branches:
Dungeon (4/15)
 Temple: D:4-7

Altars:
Fedhas
Trog

Shops:
D:1 [

Annotations:
D:4 Edmund


Message History

You kill the hound!
The foxfire hits the orc but does no damage.
A ball python comes into view.
Your Conjurations skill increases to level 3!
Unknown command.
Casting: Foxfire (safe; 1% risk of failure)
Confirm with . or Enter, or press ? or * to list all spells.
You conjure some foxfire!
The ball python hisses angrily.
The foxfire hits the orc.
The orc is lightly wounded.
The foxfire hits the orc but does no damage.
The orc is lightly wounded.
The orc misses you.
Casting: Foxfire (safe; 1% risk of failure)
Confirm with . or Enter, or press ? or * to list all spells.
Flames lash the orc but do no damage.
The orc closely misses you. The orc hits you but does no damage.
Unknown command.
The orc barely misses you.
You climb upwards.
There is a stone staircase leading down here.
Casting: Scorch (safe; 1% risk of failure)
Confirm with . or Enter, or press ? or * to list all spells.
Flames lash the orc.
The orc is heavily wounded.
The orc's fire resistance burns away.
The orc barely misses you. The orc closely misses you.
Unknown command.
Casting: Scorch (safe; 1% risk of failure)
Confirm with . or Enter, or press ? or * to list all spells.
You don't have enough magic to cast this spell.
Unknown command.
The orc attacks as you move away! The orc hits you with a +0 long sword.
The orc is no longer more vulnerable to fire.
The orc hits you with a +0 long sword! The orc attacks as you move away!
The orc hits you with a +0 long sword.
* * * LOW HITPOINT WARNING * * *
The orc attacks as you move away! The orc hits you with a +0 long sword!
You die...

#.<.....# #..######.#
#.....# #######.#
#..#.>.<..#####.... #.#
#..#..##..........^ #.#
#..#..##..#####.... #.#
#..#..##..# #.#.# #.#
#.........# #.... #.#
##.#..##.#######... #.#
#o#..##.##........ #.#
#@#..##.##.#...... #.#
#.#..##.##........ #.#
#.......###.###.>.
#.#######..#..........##
#..(.......##.........#
#########.#######.###.##
#.# #.# #... #.# #.#
###. #.# #.# #.


You could see an orc.

Vanquished Creatures
  A hound (D:4)
  3 adders
  2 orcs
  6 ball pythons
  6 endoplasms
  3 giant cockroaches
  7 goblins
  2 hobgoblins
  3 jackals (D:3)
  4 quokkas
  8 bats
  8 frilled lizards
  6 kobolds
  6 rats
65 creatures vanquished.

Vanquished Creatures (others)
  246 foxfires
246 creatures vanquished.

Grand Total: 311 creatures vanquished

Notes
Turn   | Place    | Note
-------+----------+-------------------------------------------
     0 | D:1      | bnorton916 the Deep Elf Fire Elementalist began the quest
                  | for the Orb.
     0 | D:1      | Reached XP level 1. HP: 10/10 MP: 6/6
   287 | D:1      | Reached XP level 2. HP: 15/15 MP: 6/8
   389 | D:1      | Found Quceevof's Antique Armour Boutique.
   539 | D:1      | Learned a level 2 spell: Scorch
   928 | D:1      | Reached XP level 3. HP: 19/19 MP: 8/10
  1178 | D:2      | Found a blossoming altar of Fedhas.
  2169 | D:3      | Found a bloodstained altar of Trog.
  2417 | D:3      | Reached XP level 4. HP: 23/24 MP: 4/12
  3340 | D:3      | Learned a level 3 spell: Volatile Blastmotes
  3346 | D:4      | Noticed Edmund
  3424 | D:3      | Slain by an orc

Illustrated notes

Levels and vault maps discovered:
D:1:      erik_arrival_orb_chamber, layout_rooms, serial_shops,
          nicolae_shop_window_shopping
D:2:      layout_loops_cross, basic_altar
D:3:      layout_loops_ring, trog_butcher_becter, kennysheep_flooded_box
D:4:      layout_cave_pools, general_overflow_altar, uniq_edmund

Skill      XL: |  1  2  3  4 |
---------------+-------------+-----
Conjurations   | 2 3 |  3.0
Spellcasting   | 4 |  4.6
Fire Magic     | 4 |  4.4
Dodging        | |  2.4
Stealth        | |  2.4

Action                     |  1- 3 |  4- 6 || total
---------------------------+-------+-------++-------
   Cast: Foxfire           |   124 |    22 ||   146
         Scorch            |     9 |    10 ||    19
 Armour: Robe              |     7 |     2 ||     9
  Dodge: Dodged            |    12 |    11 ||    23
